 Dungeon Crawl Stone Soup version 0.28-a0-1435-g82390b3a13 (webtiles) character file.

Game seed: 8206564090733956174

403 SirFunk the Magician (level 7, -8/53 HPs)
             Began as a Djinni Conjurer on Jan 9, 2022.
             Mangled by an iguana (13 damage)
             ... on level 4 of the Dungeon.
             The game lasted 00:05:51 (4606 turns).

SirFunk the Magician (Djinni Conjurer)              Turns: 4606, Time: 00:05:52

Health: -8/53      AC:  2    Str:  6    XL:     7   Next: 11%
Gold:   142        EV: 12    Int: 22    God:
                   SH:  0    Dex: 11

rFire   + + .      SeeInvis .   n - +0 broad axe
rCold   x . .      Faith    .   (no shield)
rNeg    . . .      Spirit   .   a - +0 robe
rPois   ∞          Reflect  .   (no helmet)
rElec   .          Harm     .   m - scarf {repulsion}
rCorr   .          Rampage  .   (no gloves)
Will    .....                   (boots unavailable)
Stlth   ++........              (no amulet)
HPRegen 0.17/turn               (no ring)
MPRegen 0.00/turn               (no ring)

@: flying, repel missiles
A: sickness immunity, fire resistance 2, cold vulnerability 1, float, innate
caster, hp casting, extra vitality 1
a: no special abilities


You were on level 4 of the Dungeon.
You visited 1 branch of the dungeon, and saw 4 of its levels.

You collected 142 gold pieces.

Inventory:

Hand Weapons
 j - a +0 spear
 n - a +0 broad axe (weapon)
Armour
 a - a +0 robe (worn)
 m - a scarf of repulsion (worn)
Scrolls
 b - a scroll of magic mapping {unknown}
 c - 3 scrolls of teleportation {unknown}
 f - 7 scrolls of identify {unknown}
 h - a scroll of vulnerability {unknown}
 i - a scroll of immolation {unknown}
 l - a scroll of amnesia {unknown}
Potions
 d - 3 potions of curing {unknown}
 e - 3 potions of degeneration {unknown}
 g - 3 potions of berserk rage {unknown}
 k - a potion of heal wounds {unknown}


   Skills:
 + Level 4.6 Fighting
 - Level 2.1 Dodging
 - Level 1.5 Stealth
 + Level 4.9 Spellcasting


You couldn't memorise any spells.
You knew the following spells:

 Your Spells              Type           Power      Damage    Failure   Level
a - Magic Dart            Conj           100%       1d8       1%          1
b - Searing Ray           Conj           54%        2d6       1%          2
c - Dazzling Flash        Conj/Hex       54%        N/A       4%          3
d - Fulminant Prism       Conj/Hex       13%        3d9       13%         4
e - Iskenderun's Mystic   Conj/Tloc      27%        2d7       13%         4
f - Foxfire               Conj/Fire      100%       2x1d9     1%          1
g - Wereblood             Tmut           27%        N/A       1%          2
h - Ignite Poison         Fire/Tmut/Pois 27%        N/A       4%          3
Your spell library was empty.

Dungeon Overview and Level Annotations

Branches:
Dungeon (4/15)
 Temple: D:4-7

Altars:
The Shining One


Innate Abilities, Weirdness & Mutations

You are immune to sickness and miasma.
You are immune to poison.
Your flesh is very heat resistant. (rF++)
You are vulnerable to cold. (rC-)
You float through the air rather than walking.
You learn spells naturally, not from books.
Your magical power is your life essence.
You have superior vitality. (+4 MHP)


Message History

The iguana is moderately wounded.
The iguana misses you.
Unknown command.
Casting: Dazzling Flash (dangerous; 4% risk of failure)
Confirm with . or Enter, or press ? or * to list all spells.
Casting: Dazzling Flash (dangerous; 4% risk of failure)
Press: ? - help, Dir - look around, f - activate The iguana bites you.
Unknown command.
Casting: Dazzling Flash (dangerous; 4% risk of failure)
Confirm with . or Enter, or press ? or * to list all spells.
Casting: Dazzling Flash (dangerous; 4% risk of failure)
Press: ? - help, Dir - look around, f - activate
* * * LOW HITPOINT WARNING * * *
The iguana closely misses you.
Casting: Dazzling Flash (dangerous; 4% risk of failure)
Confirm with . or Enter, or press ? or * to list all spells.
Aiming: Magic Dart (safe; 1% risk of failure)
Press: ? - help, Shift-Dir - straight line, f - iguana
Aim: an iguana (moderately wounded, 100% to hit)
The magic dart hits the iguana.
The iguana is heavily wounded.
* * * LOW HITPOINT WARNING * * *
The iguana closely misses you.
Casting: Magic Dart (safe; 1% risk of failure)
Confirm with . or Enter, or press ? or * to list all spells.
Aiming: Searing Ray (safe; 1% risk of failure)
Press: ? - help, Shift-Dir - straight line, f/p - iguana
Aim: an iguana (heavily wounded, 82% to hit)
The searing ray hits the iguana.
The iguana is severely wounded. (Press . to maintain the ray.)
* * * LOW HITPOINT WARNING * * *
The iguana bites you!
* * * LOW HITPOINT WARNING * * *
The searing ray hits the iguana.
The iguana is almost dead.
* * * LOW HITPOINT WARNING * * *
The iguana bites you!
You die...

####.### ......# ## ..... #. ...
#. #'# #. #####.#############.
####### .#.#>#.#.#.#(#.#.#.#.
......# .#.#.#l#.#.#.#.#.#.#.#
......# ...#.#@#.#.#.#.#.#.#.#.
......# P.#.#.#.#.#.#.#.#.#.#.#
......# . ..#.#.#.#.....#.#.#.#.
.....## .##.#.#.#.#.....#.#.#.#
.....# ..#.#.#)#.....#.#.#.#.
.....########.#.#.#.#.....#.#.#.#
...........#.#.#.#.#.#(#.#.#.#.#.
...........##.#.#.#.#.#.#.#.#.#.#
...........#.#.#.#.#.#.#.#.#.#.#.


You could see an iguana.

Vanquished Creatures
  A necrophage (D:4)
  2 scorpions (D:4)
  A bullfrog zombie (D:4)
  A bullfrog skeleton (D:3)
  2 hound zombies (D:4)
  4 adders
  An adder zombie (D:4)
  A worm (D:2)
  A dart slug (D:4)
  7 ball pythons
  2 endoplasms
  2 giant cockroaches
  6 goblins
  4 hobgoblins
  7 jackals
  6 quokkas
  3 bats
  4 frilled lizards
  3 kobolds
  6 rats
64 creatures vanquished.

Vanquished Creatures (collateral kills)
  5 foxfires (D:4)
5 creatures vanquished.

Vanquished Creatures (others)
  27 foxfires (D:4)
  3 plants (D:2)
30 creatures vanquished.

Grand Total: 99 creatures vanquished

Notes
Turn   | Place    | Note
-------+----------+-------------------------------------------
     0 | D:1      | SirFunk the Djinni Conjurer began the quest for the Orb.
     0 | D:1      | Reached XP level 1. HP: 15/15 MP: 0/0
   105 | D:1      | Reached XP level 2. HP: 5/22 MP: 0/0
   107 | D:1      | Reached skill level 1 in Fighting
   551 | D:1      | Found a faded altar of an unknown god.
   929 | D:1      | Reached XP level 3. HP: 26/27 MP: 0/0
   929 | D:1      | Learned a level 1 spell: Foxfire
  1742 | D:2      | Reached XP level 4. HP: 28/33 MP: 0/0
  3040 | D:3      | Reached XP level 5. HP: 33/40 MP: 0/0
  3040 | D:3      | Learned a level 2 spell: Wereblood
  3773 | D:4      | Reached XP level 6. HP: 25/46 MP: 0/0
  4021 | D:4      | Found a glowing golden altar of the Shining One.
  4505 | D:4      | Noticed a necrophage
  4511 | D:4      | Killed a necrophage
  4512 | D:4      | Reached XP level 7. HP: 48/53 MP: 0/0
  4512 | D:4      | Learned a level 3 spell: Ignite Poison
  4606 | D:4      | Mangled by an iguana

Illustrated notes

Levels and vault maps discovered:
D:1:      dpeg_arrival_circle_labyrinth_a, layout_basic,
          shapermc_ecumenical_altar_venn, minmay_cut_off
D:2:      layout_loops_ring, serial_forest, infiniplex_forest_clump_curved,
          infiniplex_forest_clump_small, infiniplex_forest_lined_room_,
          infiniplex_forest_straight_2, infiniplex_forest_straight_1,
          infiniplex_forest_zigzag_1, infiniplex_forest_straight_5
D:3:      layout_loops_ring
D:4:      layout_basic, kennysheep_mini, serial_undead, serial_undead_a,
          serial_undead_e, serial_undead_b, serial_undead_b

Skill      XL: |  1  2  3  4  5  6 |
---------------+-------------------+-----
Fighting       | 1 2 3 4 |  4.6
Spellcasting   | 4 |  4.9
Dodging        | |  2.1
Stealth        | |  1.5

Action                   |  1- 3 |  4- 6 |  7- 9 || total
-------------------------+-------+-------+-------++-------
Melee: Unarmed           |       |     1 |       ||     1
       Broad axe         |       |     3 |     1 ||     4
 Cast: Magic Dart        |    68 |    86 |     7 ||   161
       Foxfire           |       |    17 |       ||    17
       Searing Ray       |       |     1 |     1 ||     2
       Dazzling Flash    |       |       |     3 ||     3
Armor: Robe              |     5 |     6 |       ||    11
Dodge: Dodged            |    23 |    17 |     5 ||    45

Table legend: (Time is in decaauts)
 A = Elapsed time spent in this place.
 B = Non-inter-level travel time spent in this place.
 C = Inter-level travel time spent in this place.
 D = Time resting spent in this place.
 E = Time spent auto-exploring this place.
 F = Levels seen in this place.
 G = Mean time per level.
                   A        B        C        D        E       F      G
               +--------+--------+--------+--------+--------+-----+--------+
         Total |   4606 |   4434 |    172 |   1043 |   2946 |   4 | 1151.5 |
       Dungeon |   4606 |   4434 |    172 |   1043 |   2946 |   4 | 1151.5 |
               +--------+--------+--------+--------+--------+-----+--------+

Top non-repeatable levels by time:
     D:1: 1442 daAuts
     D:2: 1255 daAuts
     D:4: 1156 daAuts
     D:3: 752 daAuts
